 Dungeon Crawl Stone Soup version 0.30-a0-723-gc1506a1cf0 (webtiles) character file.

Game seed: 9369546223506766451

26089 browni3141 the Grappler (level 12, -3/126 HPs)
             Began as a Troll Berserker on Jan 28, 2023.
             Was an Elder of Trog.
             Killed by divine providence
             ... invoked by an orc high priest
              (11 damage)
             ... on level 2 of the Orcish Mines.
             The game lasted 00:22:19 (11821 turns).

browni3141 the Grappler (Troll Berserker)          Turns: 11821, Time: 00:22:19

Health: -3/126     AC: -13   Str: 32    XL:     12   Next: 95%
Magic:  11/11      EV: 15    Int:  3    God:    Trog [****..]
Gold:   1426       SH: 10    Dex:  9    Spells: 11/11 levels left

rFire   . . .      SeeInvis .      - Unarmed
rCold   . . .      Faith    .    E - +0 kite shield
rNeg    . . .      Spirit   .    J - +0 troll leather armour
rPois   .          Reflect  .    w - +0 hat
rElec   .          Harm     .    u - +0 cloak
rCorr   .          Rampage  .    (gloves unavailable)
Will    +....                    (boots unavailable)
Stlth   +                        (no amulet)
HPRegen 2.01/turn                C - +5 ring of evasion
MPRegen 0.12/turn                z - ring of willpower

@: corroded, on berserk cooldown, hasted and slowed
A: large, unfitting armour, claws 3, regeneration 1, shaggy fur 1, tough skin 1
a: Renounce Religion, Berserk, Trog's Hand, Brothers in Arms


You were on level 2 of the Orcish Mines.
You worshipped Trog.
Trog was greatly pleased with you.
You visited 2 branches of the dungeon, and saw 14 of its levels.

You collected 1426 gold pieces.

Inventory:

Missiles
 g - a throwing net
 k - 5 boomerangs (quivered)
 n - 48 poisoned darts
 t - a silver boomerang
 K - 5 curare-tipped darts
 L - 6 large rocks
Armour
 a - a +0 animal skin
 u - a +0 cloak (worn)
 w - a +0 hat (worn)
 E - a +0 kite shield (worn)
 G - a +2 robe of cold resistance
 J - a +0 troll leather armour (worn)
Jewellery
 m - a ring of protection from cold
 o - a ring of see invisible
 r - a +6 ring of intelligence
 v - a +6 ring of strength
 z - a ring of willpower (right claw)
 C - a +5 ring of evasion (left claw)
 D - a +5 ring of evasion
Wands
 y - a wand of digging (9)
 B - a wand of roots (8)
 I - a wand of polymorph (6)
Potions
 b - 4 potions of heal wounds {unknown}
 c - 2 potions of degeneration {unknown}
 d - 7 potions of ambrosia
 e - 3 potions of lignification {unknown}
 h - 3 potions of brilliance {unknown}
 i - a potion of might {unknown}
 j - 6 potions of mutation {unknown}
 l - 2 potions of berserk rage {unknown}
 p - 6 potions of curing {unknown}
 q - 3 potions of cancellation {unknown}
 s - 2 potions of attraction {unknown}
 x - 4 potions of flight {unknown}
 A - 2 potions of resistance {unknown}
Miscellaneous
 H - a condenser vane (inert)


   Skills:
 * Level 10.0 Fighting
 * Level 7.7 Throwing
 + Level 7.3 Dodging
 - Level 1.0 Stealth
 * Level 8.6 Shields
 * Level 12.0 Unarmed Combat


You had 11 spell levels left.
You didn't know any spells.
Your spell library was empty.

Dungeon Overview and Level Annotations

Branches:
Dungeon (12/15)            Temple (0/1) D:5            Lair (0/5) D:10
    Orc (2/2) D:12            Elf (0/3) Orc:2

Altars:
Ashenzari
Cheibriados
Gozag
Hepliaklqana
Makhleb
Nemelex Xobeh
Qazlal
Ru
Sif Muna
Xom
Yredelemnul
Zin
The Shining One

Shops:
Orc:1 (   Orc:2 (

Annotations:
D:11 2 runed translucent doors


Innate Abilities, Weirdness & Mutations

You are too large for most types of armour.
You have claws for hands.
Your natural rate of healing is unusually fast.
You are covered in fur. (AC +1)
You have tough skin. (AC +1)


Message History

You feel yourself speed up. You block the neqoxec's attack.
The orc high priest invokes the aid of Beogh against you.
You easily resist.
You block the orc's attack. The rust devil completely misses you.
The orc warrior misses you. You block the orc warrior's attack.
The neqoxec hits you! You block the orc's attack. The rust devil hits you.
The rust devil corrodes you! The orc warrior completely misses you.
The orc high priest barely misses you.
The orc warrior hits you with a +2 morningstar of freezing!
The orc warrior freezes you.
* * * LOW HITPOINT WARNING * * *
You barely miss the orc high priest.
The orc high priest is moderately wounded.
The neqoxec hits you!
* * * LOW HITPOINT WARNING * * *
An orc priest comes into view. It is wielding a +0 club.
The orc high priest misses you. You block the orc warrior's attack.
The orc barely misses you. The rust devil barely misses you.
You block the orc warrior's attack.
You claw the orc high priest!
The orc high priest is heavily wounded.
The neqoxec misses you. You block the orc high priest's attack.
You block the orc warrior's attack.
The orc high priest utters an invocation to Beogh.
The orc barely misses you. The rust devil hits you!
* * * LOW HITPOINT WARNING * * *
The rust devil corrodes you! The orc warrior closely misses you.
You mangle the orc high priest!!
You kill the orc high priest!
Trog accepts your kill.
The neqoxec disappears in a puff of smoke!
The rust devil disappears in a puff of smoke!
Your Unarmed Combat skill increases to level 12!
Your ogre goes berserk!
You block the orange demon's attack.
The orc warrior hits you with a +0 long sword!
* * * LOW HITPOINT WARNING * * *
The orc high priest mumbles some strange prayers to Beogh against you.
Beogh smites you!
You die...

##...........##
#...
#....#.).#....#
##.#
#.............#
###..
#....#...#....#
#....
#.............#
###..
#....#...#....#
#..
##...........##
##.
#...#oo.#...#
##
##..§@o....##
#..#O§.#..#
##..o4...## #
###.#.### ###
#..... ##..
##o#.## #...
..... #...
#...# ###. ...
#..


You could see an orc high priest, an orange demon (summoned, ally target), 2 orc
warriors, an orc priest, an orc and a friendly ogre (summoned, berserk).

Vanquished Creatures
  Rupert (Orc:2)
  Fannar (D:11)
  2 two-headed ogres
  2 orc high priests (Orc:2)
  3 orc knights
  A cyclops (Orc:1)
  2 manticores
  2 ugly things (D:12)
  A gargoyle (D:12)
  An unseen horror (D:11)
  A rime drake (shapeshifter) (D:11)
  A komodo dragon (D:11)
  5 trolls
  A queen bee (D:9)
  Grinder (D:4)
  4 slime creatures (D:12)
  A vampire (D:12)
  4 shadows
  3 wraiths
  Eustachio (D:4)
  4 steam dragons
  16 yaks
  A wyvern (D:9)
  Grum (D:8)
  2 wargs (Orc:2)
  3 water moccasins
  17 orc warriors
  2 ice beasts (D:5)
  3 black bears
  7 ogres
  3 wolves (D:8)
  9 centaurs
  A phantom (D:7)
  2 kobold brigands (D:8)
  3 bullfrogs
  3 gnoll sergeants
  2 necrophages (D:5)
  5 scorpions
  5 wights (D:8)
  40 killer bees
  12 howler monkeys
  A bullfrog zombie (D:4)
  Crazy Yiuf (D:4)
  4 hounds
  5 jellies
  21 orc priests
  9 iguanas
  16 orc wizards
  2 hound zombies (D:4)
  A howler monkey zombie (D:4)
  13 gnolls
  9 adders
  A shadow imp (D:7)
  3 white imps
  2 ufetubi
  An adder zombie (D:4)
  2 worms
  2 dart slugs
  78 orcs
  9 ball pythons
  9 endoplasms
  6 giant cockroaches
  5 hobgoblins
  11 jackals
  4 quokkas
  5 bats
  A frilled lizard (D:3)
  9 goblins
  14 kobolds
  5 rats
428 creatures vanquished.

Vanquished Creatures (collateral kills)
  An orc high priest (Orc:2)
  An orc knight (Orc:2)
  2 orc warriors (Orc:2)
  5 orc priests (Orc:2)
  5 gnolls (Orc:2)
  4 orcs (Orc:2)
18 creatures vanquished.

Vanquished Creatures (others)
  An orc (Orc:2)
  A kobold (D:8)
  18 fungi
  27 plants
47 creatures vanquished.

Grand Total: 493 creatures vanquished

Notes
Turn   | Place    | Note
-------+----------+-------------------------------------------
     0 | D:1      | browni3141 the Troll Berserker began the quest for the Orb.
     0 | D:1      | Reached XP level 1. HP: 22/22 MP: 0/0
    93 | D:1      | Reached skill level 1 in Stealth
    93 | D:1      | Reached XP level 2. HP: 29/29 MP: 1/1
   348 | D:1      | Reached XP level 3. HP: 35/36 MP: 2/2
   348 | D:1      | Reached ** piety under Trog
  1173 | D:2      | Found a faded altar of an unknown god.
  1435 | D:2      | Reached XP level 4. HP: 38/45 MP: 3/3
  1947 | D:3      | Reached skill level 4 in Unarmed Combat
  2125 | D:3      | Reached XP level 5. HP: 47/53 MP: 4/4
  2328 | D:3      | Found a sparkling altar of Nemelex Xobeh.
  2724 | D:4      | Reached XP level 6. HP: 62/62 MP: 5/5
  2779 | D:4      | Reached *** piety under Trog
  2796 | D:4      | Found a hazy altar of Hepliaklqana.
  2854 | D:4      | Noticed Eustachio
  2866 | D:4      | Killed Eustachio
  2867 | D:4      | Reached skill level 5 in Unarmed Combat
  2927 | D:4      | Reached XP level 7. HP: 71/71 MP: 6/6
  3116 | D:4      | Found a basalt altar of Yredelemnul.
  3153 | D:4      | Found a shimmering blue altar of Sif Muna.
  3253 | D:4      | Reached skill level 1 in Throwing
  3284 | D:4      | Noticed Grinder
  3297 | D:4      | Killed Grinder
  3298 | D:4      | Reached skill level 5 in Fighting
  3298 | D:4      | Reached skill level 6 in Unarmed Combat
  3447 | D:4      | Found a runed translucent door.
  3448 | D:4      | Noticed Crazy Yiuf
  3458 | D:4      | Killed Crazy Yiuf
  3495 | D:5      | Entered Level 5 of the Dungeon
  3521 | D:5      | Reached XP level 8. HP: 80/80 MP: 7/7
  3525 | D:5      | Found a staircase to the Ecumenical Temple.
  3954 | D:5      | Reached **** piety under Trog
  3955 | D:5      | Reached skill level 7 in Unarmed Combat
  4373 | D:5      | Reached XP level 9. HP: 89/89 MP: 8/8
  4522 | D:5      | Found a broken altar of Ashenzari.
  4522 | D:5      | Found a shimmering altar of Xom.
  4852 | D:6      | Reached skill level 8 in Unarmed Combat
  5140 | D:6      | Reached skill level 5 in Dodging
  5671 | D:7      | Identified the +3 mace "Yffoeb" {spect, Str+4}
  5780 | D:7      | Found an opulent altar of Gozag.
  5968 | D:7      | Found a glowing silver altar of Zin.
  6188 | D:8      | You fall into a shaft and drop 1 floor!
  6235 | D:9      | Noticed a two-headed ogre
  6244 | D:9      | Killed a two-headed ogre
  6245 | D:9      | Reached skill level 9 in Unarmed Combat
  6245 | D:9      | Reached XP level 10. HP: 102/102 MP: 9/9
  6323 | D:9      | Found a stormy altar of Qazlal.
  6492 | D:8      | Found a sacrificial altar of Ru.
  6536 | D:8      | Found a snail-covered altar of Cheibriados.
  6682 | D:8      | Noticed Grum
  6707 | D:8      | Killed Grum
  6708 | D:8      | Reached skill level 5 in Throwing
  6786 | D:8      | Found a glowing golden altar of the Shining One.
  6885 | D:8      | Found a burning altar of Makhleb.
  7407 | D:9      | Reached skill level 10 in Unarmed Combat
  7457 | D:9      | Reached ***** piety under Trog
  7680 | D:9      | Reached XP level 11. HP: 87/113 MP: 10/10
  7890 | D:10     | Entered Level 10 of the Dungeon
  7925 | D:10     | Reached skill level 1 in Shields
  8096 | D:10     | Found a staircase to the Lair.
  8239 | D:10     | Reached skill level 5 in Shields
  8333 | D:10     | Received a gift from Trog
  8811 | D:11     | Noticed a two-headed ogre
  8818 | D:11     | Killed a two-headed ogre
  8918 | D:11     | Noticed Fannar
  8948 | D:11     | Killed Fannar
  9212 | D:11     | Noticed an ice dragon
  9212 | D:11     | Found the +2 shield of Resistance {rF++ rC++ Will++}
  9212 | D:11     | Noticed an ice dragon
  9212 | D:11     | Noticed a fire dragon
  9214 | D:11     | Found a runed translucent door.
  9216 | D:11     | Noticed a fire dragon
  9243 | D:11     | Found a runed translucent door.
  9282 | D:11     | Identified the +3 pair of boots "Xennir" {Regen+ rCorr
                  | Str+4}
  9681 | D:12     | Found a staircase to the Orcish Mines.
  9815 | D:12     | Reached skill level 11 in Unarmed Combat
  9871 | D:12     | Reached XP level 12. HP: 82/123 MP: 11/11
 10817 | Orc:1    | Entered Level 1 of the Orcish Mines
 11001 | Orc:2    | Entered Level 2 of the Orcish Mines
 11009 | Orc:2    | Noticed Sonja
 11010 | Orc:2    | Sonja changed into Sonja the howler monkey
 11010 | Orc:2    | Noticed Sonja
 11012 | Orc:2    | Killed Sonja the howler monkey
 11188 | Orc:2    | Noticed an orc high priest
 11197 | Orc:2    | Found a staircase to the Elven Halls.
 11214 | Orc:2    | Killed an orc high priest
 11320 | Orc:2    | Noticed Rupert
 11340 | Orc:2    | Killed Rupert
 11440 | Orc:2    | Found Jenec's Weapon Shop.
 11612 | Orc:1    | Found Hadoddei's Antique Weapon Shop.
 11744 | Orc:2    | Reached skill level 10 in Fighting
 11798 | Orc:2    | Noticed an orc high priest
 11799 | Orc:2    | Noticed an orc high priest
 11807 | Orc:2    | Killed an orc high priest
 11811 | Orc:2    | Noticed an orc high priest
 11820 | Orc:2    | Killed an orc high priest
 11821 | Orc:2    | Reached skill level 12 in Unarmed Combat
 11821 | Orc:2    | Killed from afar by an orc high priest

Illustrated notes

Levels and vault maps discovered:
D:1:      kennysheep_arrival_forest, layout_loops_ring, serial_forest,
          infiniplex_forest_end_double, infiniplex_forest_end_3,
          infiniplex_forest_clump_small, infiniplex_forest_corner_2,
          infiniplex_forest_clump_medium, infiniplex_forest_lined_corner,
          infiniplex_forest_lined_room_, infiniplex_forest_join,
          infiniplex_forest_corner_1, infiniplex_forest_clump_long,
          minmay_tetromino_t2
D:2:      layout_loops_corners, shapermc_ecumenical_altar_rom_forum
D:3:      layout_basic, mainiacjoe_overflow_surrounded_room
D:4:      minmay_diamond_boxcup, layout_cave_pools,
          mainiacjoe_overflow_alcove_1, nicolae_yredelemnul_corpse_copse,
          mainiacjoe_overflow_catwalk, minmay_between, uniq_crazy_yiuf_cottage,
          uniq_eustachio, uniq_grinder
D:5:      minmay_angry_zag, layout_loops_corners,
          gammafunk_temple_overflow_wave, minmay_temple_entry_purple_smoke,
          chequers_serial_rivers_small_3, grunt_decor_arrowhead
D:6:      layout_gridville, minmay_holes
D:7:      layout_basic, pdpol_temple_overflow_zin_treasury_gozag_greed,
          dreamdust_wishing_well
D:8:      layout_basic, lemuel_doored_altar, cheibriados_altar_1,
          nicolae_ru_the_path_less_chosen, tso_altar, minmay_manual_mares,
          uniq_grum
D:9:      layout_rooms, nicolae_qazlal_scattered_showers, serial_glass,
          glass_columns_c, glass_columns_c, special_room [special_room_bee]
D:10:     layout_irregular_city, due_lair_maze_entry_diamond, uniq_psyche
D:11:     layout_loops_ring, minmay_guarded_unrand_resistance, uniq_fannar
D:12:     layout_gridville, orc_0_dummy
Orc:1:    layout_diamond_mine, serial_shops, nicolae_shop_behind_doors
Orc:2:    st_orc_pillars, layout_diamond_mine, basic_altar, serial_shops,
          nicolae_shop_bloodbath_and_beyond, uniq_sonja, uniq_rupert

Skill      XL: |  1  2  3  4  5  6  7  8  9 10 11 12 |
---------------+-------------------------------------+-----
Stealth        | 1 |  1.0
Fighting       | 3 4 5 6 7 8 9 10 | 10.0
Unarmed Combat | 4 5 6 7 9 10 11 12 | 12.0
Dodging        | 3 4 5 6 7 |  7.3
Throwing       | 1 3 4 5 6 7 |  7.7
Shields        | 7 8 |  8.6

Action                     |  1- 3 |  4- 6 |  7- 9 | 10-12 || total
---------------------------+-------+-------+-------+-------++-------
  Melee: Unarmed           |   112 |   140 |   253 |   718 ||  1223
         Punch             |     1 |     3 |    11 |    12 ||    27
  Throw: Boomerang         |       |     2 |     6 |    49 ||    57
 Invoke: Berserk           |       |     2 |     7 |    13 ||    22
         Trog's Hand       |       |       |     1 |     6 ||     7
         Brothers in Arms  |       |       |       |     4 ||     4
  Evoke: Wand              |       |       |       |     5 ||     5
         Condenser vane    |       |       |       |     1 ||     1
    Use: Potion            |       |       |       |     1 ||     1
   Stab: Sleeping          |     3 |     2 |     2 |       ||     7
         Confused          |       |       |       |     3 ||     3
         Invisible         |       |       |       |     2 ||     2
 Armour: Animal skin       |    31 |    48 |    67 |    38 ||   184
         Robe              |       |       |       |    16 ||    16
         Troll leather arm |       |       |       |    37 ||    37
  Dodge: Dodged            |    57 |    57 |    94 |   510 ||   718
  Block: Kite shield       |       |       |       |   198 ||   198

Table legend: (Time is in decaauts)
 A = Elapsed time spent in this place.
 B = Non-inter-level travel time spent in this place.
 C = Inter-level travel time spent in this place.
 D = Time resting spent in this place.
 E = Time spent auto-exploring this place.
 F = Levels seen in this place.
 G = Mean time per level.
                   A        B        C        D        E       F      G
               +--------+--------+--------+--------+--------+-----+--------+
         Total |  11853 |  11256 |    597 |    672 |   8238 |  14 |  846.6 |
       Dungeon |  10854 |  10285 |    569 |    545 |   7783 |  12 |  904.5 |
  Orcish Mines |    999 |    971 |     28 |    126 |    455 |   2 |  499.5 |
               +--------+--------+--------+--------+--------+-----+--------+

Top non-repeatable levels by time:
    D:12: 1161 daAuts
     D:5: 1108 daAuts
     D:6: 1016 daAuts
     D:1: 993 daAuts
     D:8: 925 daAuts
    D:11: 925 daAuts
    D:10: 878 daAuts
     D:2: 851 daAuts
     D:3: 831 daAuts
     D:4: 824 daAuts
     D:9: 808 daAuts
   Orc:2: 706 daAuts
     D:7: 530 daAuts
   Orc:1: 292 daAuts
